Map: Oxide LE

Players

Elazer

  • Race: Zerg Zerg

Denver - Winner!

  • Race: Zerg Zerg

Event: DreamHack SC2 Masters 2021 Fall

VOD

Have the link to the VOD?

Description

Time

  • Played on: Aug. 1, 2021, 10:40 a.m.
  • Length: 7:26

All games in this series

Show
View Real Time Build Order
Export as new Build Order

Elazer Zerg 

Build Orders: Hatch First 

Get SALT Encoding   

  12  0:00  Drone  
  13  0:12  Overlord  
  13  0:17  Drone  
  14  0:30  Drone x2  
  16  0:47  Hatchery  
  15  0:52  Extractor  
  14  1:03  Spawning Pool  
  13  1:07  Drone  
  13  1:11  Drone  
  15  1:15  Drone  
  16  1:25  Overlord  
  16  1:50  Zergling x2  
  17  1:54  Metabolic Boost  
  17  1:57  Zergling x2  
  17  1:58  Queen  
  17  1:59  Zergling x2  
  21  2:06  Zergling x2  
  22  2:10  Overlord  
  22  2:16  Zergling x2  
  24  2:22  Zergling x2  
  24  2:24  Queen  
  26  2:30  Zergling x2  
  26  2:31  Zergling x2  
  28  2:38  Zergling x4  
  29  2:45  Zergling x2  
  29  2:46  Zergling x2  
  31  2:53  Zergling x2  
  31  2:58  Zergling x2  
  33  3:06  Zergling x10  
  38  3:17  Zergling x4  
  39  3:27  Zergling x4  
  39  3:32  Zergling x6  
  43  3:41  Zergling x6  
  43  3:47  Zergling x4  
  43  3:53  Drone x2  
  42  4:05  Drone  
  42  4:09  Overlord  
  43  4:14  Drone  
  43  4:17  Drone  
  43  4:23  Drone x2  
  44  4:27  Drone x4  
  47  4:34  Queen  
  47  4:36  Drone x2  
  50  4:42  Drone x2  
  51  4:47  Overlord  
  51  4:57  Baneling Nest  
  51  4:58  Drone  
  51  5:12  Drone x3  
  54  5:17  Drone x3  
  54  5:18  Hatchery  
  54  5:21  Drone  
  57  5:22  Evolution Chamber  
  57  5:23  Drone  
  57  5:27  Drone  
  59  5:36  Overlord  
  59  5:37  Roach Warren  
  59  5:39  Extractor x2  
  59  5:42  Lair  
  56  5:45  Drone x3  
  53  5:58  Drone  
  49  6:09  Zergling x16  
  54  6:16  Drone  
  55  6:19  Roach  
  55  6:23  Roach  
  59  6:26  Roach  
  59  6:31  Roach  
  63  6:37  Roach x2  
  66  6:43  Roach x4  
  72  6:52  Roach x4  
  72  6:53  Zergling x2  
  74  7:01  Overlord  
Show
View Real Time Build Order
Export as new Build Order

Denver Zerg - Winner!

Build Orders: Hatch First 

Get SALT Encoding   

  12  0:00  Drone  
  13  0:12  Overlord  
  13  0:17  Drone  
  14  0:31  Drone  
  14  0:32  Drone  
  16  0:48  Hatchery  
  15  0:51  Drone  
  15  0:54  Drone  
  17  0:59  Drone  
  18  1:09  Extractor  
  17  1:13  Spawning Pool  
  17  1:17  Drone  
  17  1:21  Drone  
  18  1:28  Drone  
  19  1:38  Drone  
  20  1:50  Drone  
  21  2:00  Overlord  
  21  2:01  Queen x2  
  21  2:02  Zergling x2  
  26  2:10  Metabolic Boost  
  26  2:12  Drone x2  
  28  2:22  Drone x2  
  30  2:35  Hatchery  
  30  2:36  Drone  
  30  2:43  Drone  
  31  2:45  Overlord  
  31  2:49  Drone  
  32  2:53  Queen  
  34  2:59  Drone x2  
  34  3:05  Drone x2  
  38  3:10  Evolution Chamber  
  37  3:16  Zergling x12, Evolution Chamber  
  43  3:21  Evolution Chamber  
  43  3:26  Zergling x4  
  44  3:29  Spine Crawler  
  44  3:33  Evolution Chamber  
  42  3:37  Zergling x4  
  41  3:41  Baneling Nest  
  41  3:44  Queen  
  39  3:57  Drone x4  
  43  4:10  Drone x2  
  44  4:19  Spine Crawler  
  42  4:25  Baneling x2  
  42  4:26  Zergling x4  
  42  4:29  Overlord x2  
  44  4:33  Lair  
  44  4:35  Extractor  
  43  4:44  Overlord  
  42  4:45  Queen  
  42  4:46  Extractor  
  42  4:47  Drone x4  
  48  4:52  Drone  
  48  4:58  Drone x2  
  48  4:59  Drone x2  
  52  5:01  Roach Warren  
  51  5:08  Drone x2  
  52  5:17  Extractor  
  51  5:24  Drone x6  
  57  5:31  Drone, Spire  
  57  5:45  Baneling  
  57  5:48  Hatchery  
  56  5:56  Zergling x2  
  56  5:57  Zergling x8  
  58  6:05  Hatchery  
  58  6:09  Zergling x14  
  63  6:19  Overlord x2  
  63  6:20  Baneling x3  
  63  6:21  Baneling  
  63  6:25  Overlord  
  63  6:32  Drone  
  63  6:41  Overlord  
  63  6:45  Mutalisk x5  
  71  6:52  Mutalisk x4  
  77  6:58  Zergling x2  
  74  7:09  Zergling x2  

Tags
 
Add a new tag
Caveats
  • Supply blocks, unpowered buildings, or Contaminate may cause inaccurate times.
  • Supply counts are checked every 10 seconds.